 Dungeon Crawl Stone Soup version 0.31.0-10-gcf4a605ca0 (webtiles) character file.

Game seed: 15764283673207607624

43 Bananatron the Changeling (level 3, -2/26 HPs)
             Began as a Merfolk Shapeshifter on Jan 25, 2024.
             Slain by a gnoll
             ... wielding a +0 spear
              (8 damage)
             ... on level 2 of the Dungeon.
             The game lasted 00:07:45 (831 turns).

Bananatron the Changeling (Merfolk Shapeshifter)     Turns: 831, Time: 00:07:46

Health: -2/26      AC:  2    Str: 16    XL:     3   Next: 58%
Magic:  3/3        EV: 13    Int:  9    God:
Gold:   69         SH:  0    Dex: 13    Spells: 2/2 levels left

rFire   . .          .
                       - Unarmed
rCold   . . .        (no shield)
rNeg    . . .        a - +0 animal skin
rPois   .            (helmet currently unavailable)
rElec   .            (cloak currently unavailable)
rCorr   .            (gloves currently unavailable)
SInv    .            (boots currently unavailable)
Will    .....        (no amulet)
Stlth   +            (no ring)
HPRegen 0.24/turn    (no ring)
MPRegen 0.08/turn

%: no passive effects
@: beast-form
A: beast (slay +2), (nimble swimmer 2), mertail
a: Begin Untransformation


You were on level 2 of the Dungeon.
You were a hulking beast.
You visited 1 branch of the dungeon, and saw 2 of its levels.

You collected 69 gold pieces.

Inventory:

Armour
 a - a +0 animal skin (worn)
 j - a +0 pair of boots
 k - a +1 pair of boots of stealth
Talismans
 c - a beast talisman
 d - a flux talisman
 g - a flux talisman
Scrolls
 e - a scroll of identify {unknown}
 f - a scroll of amnesia {unknown}
 h - a scroll of immolation {unknown}
 l - a scroll of blinking {unknown}
Potions
 b - a potion of lignification
 i - a potion of curing {unknown}
 m - a potion of might {unknown}


   Skills:
 - Level 1.4 Fighting
 + Level 3.4 Dodging
 + Level 3.8 Unarmed Combat
 * Level 4.7 Shapeshifting


You had 2 spell levels left.
You didn't know any spells.
Your spell library contained the following spells:

 Spells                   Type           Power      Damage    Failure   Level
 Summon Ice Beast         Ice/Summ       0%         N/A       77%         3
 Summon Mana Viper        Hex/Summ       0%         N/A       100%        5
 Monstrous Menagerie      Summ           0%         N/A       100%        7


Dungeon Overview and Level Annotations

Branches:
Dungeon (2/15)

Altars:


Innate Abilities, Weirdness & Mutations

You are a hulking beast.
Your limbs bulge with bestial killing power. (Slay +2)
((You are very nimble when in or above water. (Stealth+, EV+, Speed+++)))
Your lower body shifts to a powerful aquatic tail in water.


Message History

HP restored.
Things that are here:
a +0 club; a goblin corpse
Found a scale mail.
Key pressed, stopping explore.
You see here a +0 scale mail.
l - a scroll labelled YVIUWEDUQI You now have 69 gold pieces (gained 1).
Found an escape hatch in the floor.
A goblin and a ball python come into view.
The ball python hisses angrily.
Found 7 stones.
The goblin shouts!
The ball python completely misses you. The ball python grabs you.
The ball python constricts you.
You hit the ball python.
You kill the ball python!
You punch the goblin!
You kill the goblin!
You see here a +0 dagger.
m - a murky silvery potion You see here 6 stones.
Done exploring.
There is a stone staircase leading down here.
Unknown command.
You climb downwards.
The gnoll hits you from afar with a +0 spear!
The gnoll misses you.
A gnoll comes into view. It is wielding a +0 whip.
The gnoll closely misses you.
The gnoll hits you from afar with a +0 halberd!
There is a stone staircase leading up here.
The gnoll shouts!
You hear an angry hiss.
The gnoll hits you from afar with a +0 spear.
* * * LOW HITPOINT WARNING * * *
The gnoll barely misses you.
There are no items here.
The adder barely misses you.
The gnoll hits you from afar with a +0 spear!
You die...

#.# .##.
###.###.#.#
###.........
#.........#
###hS..!....##.
....gg.............
###.###g........#
#J...<....#
#.........#
#.........#
.J...........#
............#.#
....###.#.##.##


You could see 3 gnolls, an adder and an endoplasm.

Vanquished Creatures
  Natasha (D:1)
  3 goblins (D:1)
  3 hobgoblins (D:1)
  A quokka (D:1)
  2 ball pythons (D:1)
  3 bats (D:1)
  A frilled lizard (D:1)
  3 kobolds (D:1)
  3 rats (D:1)
20 creatures vanquished.

Notes
Turn   | Place    | Note
-------+----------+-------------------------------------------
     0 | D:1      | Bananatron the Merfolk Shapeshifter began the quest for the
                  | Orb.
     0 | D:1      | Reached XP level 1. HP: 15/15 MP: 1/1
    96 | D:1      | Found a faded altar of an unknown god.
   201 | D:1      | Reached XP level 2. HP: 21/21 MP: 2/2
   361 | D:2      | Noticed Natasha
   374 | D:1      | HP: 1/21 [Natasha (3)]
   376 | D:1      | Killed Natasha
   377 | D:1      | Reached XP level 3. HP: 3/26 MP: 3/3
   831 | D:2      | Slain by a gnoll

Illustrated notes

Levels and vault maps discovered:
D:1:      minmay_arrival_stair_chambers, layout_loops_ring,
          basic_ecumenical_altar
D:2:      layout_loops_ring, uniq_natasha

Skill      XL: |  1  2 |
---------------+-------+-----
Dodging        | 3 |  3.4
Fighting       | |  1.4
Unarmed Combat | |  3.8
Shapeshifting  | |  4.7

Action                     || total
---------------------------++-------
  Melee: Unarmed           ||    51
         Punch             ||     1
   Stab: Distracted        ||     1
 Armour: Animal skin       ||    29
  Dodge: Dodged            ||    28
